 Dungeon Crawl Stone Soup version 0.29.1-2-gbd0b4ee654 (webtiles) character file.

Game seed: 3796315299135825649

445 hawla the Firebug (level 7, 0/50 HPs)
             Began as a Meteoran Fire Elementalist on Oct 30, 2022.
             Shot with an arrow by a centaur (10 damage)
             ... on level 5 of the Dungeon on Oct 31, 2022.
             The game lasted 00:08:12 (2085 turns).

hawla the Firebug (Meteoran Fire Elementalist)      Turns: 2085, Time: 00:08:12

Health: 0/50       AC:  3    Str: 10    XL:     7   Next: 48%
Magic:  3/13       EV: 13    Int: 18    God:
Gold:   198        SH:  5    Dex: 15    Spells: 5/12 levels left

rFire   + . .      SeeInvis +   (no weapon)
rCold   . . .      Faith    .   (no shield)
rNeg    . . .      Spirit   .   a - +0 robe
rPois   .          Reflect  +   (no helmet)
rElec   .          Harm     .   m - +0 cloak
rCorr   .          Rampage  .   (no gloves)
Will    .....                   (no boots)
Stlth   +.........              h - amulet of reflection
HPRegen 0.16/turn               l - ring of see invisible
MPRegen 0.13/turn               o - ring of protection from fire

@: glowing
A: sense surroundings 1, otherworldly, glowing, explore regen
a: no special abilities


You were on level 5 of the Dungeon.
You visited 1 branch of the dungeon, and saw 5 of its levels.

You collected 198 gold pieces.

Inventory:

Armour
 a - a +0 robe (worn)
 m - a +0 cloak (worn)
Jewellery
 f - a ring of wizardry
 h - an amulet of reflection (around neck)
 l - a ring of see invisible (left hand)
 o - a ring of protection from fire (right hand)
Wands
 p - a wand of roots (7)
Scrolls
 c - a scroll of brand weapon {unknown}
 e - a scroll of identify
 g - a scroll of immolation {unknown}
 k - a scroll of poison
 q - a scroll of amnesia
Potions
 b - a potion of magic
 d - a potion of resistance
 i - a potion of curing
 j - a potion of brilliance
 n - 2 potions of flight {unknown}


   Skills:
 - Level 0.1 Fighting
 - Level 2.8 Dodging
 - Level 1.4 Stealth
 - Level 3.3 Spellcasting
 + Level 4.4 Conjurations
 + Level 7.6 Fire Magic


You had 5 spell levels left.
You knew the following spells:

 Your Spells              Type           Power      Damage    Failure   Level
a - Foxfire               Conj/Fire      96%        2x1d8     1%          1
b - Scorch                Fire           60%        2d8       1%          2
c - Flame Wave            Conj/Fire      24%        2d8       13%         4

Your spell library contained the following spells:

 Spells                   Type           Power      Damage    Failure   Level
 Magic Dart               Conj           76%        1d6       2%          1
 Conjure Flame            Conj/Fire      24%        6-21      4%          3
 Inner Flame              Hex/Fire       16%        N/A       10%         3
 Beastly Appendage        Tmut           6%         N/A       16%         1
 Call Imp                 Summ           3%         N/A       24%         2
 Wereblood                Tmut           3%         N/A       24%         2
 Mephitic Cloud           Conj/Pois/Air  8%         N/A       26%         3
 Spider Form              Tmut/Pois      3%         N/A       43%         3


Dungeon Overview and Level Annotations

Branches:
Dungeon (5/15) Zot: 911
 Temple: D:4-7

Altars:
Fedhas
Okawaru


Innate Abilities, Weirdness & Mutations

You passively map a small area around you.
You are easily found by Zot.
You glow in the dark.
You regain HP and MP as you explore.


Message History

A wave of flame ripples out!
The flame wave engulfs the orc wizard.
You kill the orc wizard!
The flame wave engulfs the bush but does no damage.
The flame wave engulfs the orc!
You kill the orc!
The flame wave engulfs the bush!
The bush is on fire!
The bush is moderately damaged.
The flame wave engulfs the bush!
The bush is on fire!
The bush is lightly damaged.
The flame wave engulfs the bush but does no damage.
The flame wave engulfs the orc wizard.
The orc wizard is lightly wounded.
The flame wave engulfs the bush.
The bush is on fire!
The bush is lightly damaged.
The flame wave engulfs the centaur!
The centaur is severely wounded.
You finish channelling waves of flame.
The bush is engulfed in blazing flames.
The centaur shoots an arrow.
The arrow barely misses you.
The centaur shoots an arrow.
The arrow hits you!
An ogre comes into view. It is wielding a +0 giant spiked club.
Casting: Flame Wave (quite dangerous; 13% risk of failure)
Confirm with . or Enter, or press ? or * to list all spells.
The spell is quite dangerous to miscast (13% risk of failure)!
Continue anyway?
Casting: Flame Wave (quite dangerous; 13% risk of failure)
Press: ? - help, Dir - look around, f - activate A wave of flame ripples out! (Press . to intensify the flame waves.)
The bush is engulfed in blazing flames.
The centaur shoots an arrow.
The arrow hits you!
* * * LOW HITPOINT WARNING * * *
A wave of flame ripples out!
The flame wave engulfs the orc wizard.
The orc wizard is heavily wounded.
The flame wave engulfs the bush.
The bush is lightly damaged.
The flame wave engulfs the bush!
The bush is on fire!
The bush is heavily damaged.
The centaur shoots an arrow.
The arrow hits you.
* * * LOW HITPOINT WARNING * * *
The centaur shoots an arrow.
The arrow hits you!
You die...

, , ,##... #.. ,
.#.... ,* #..## ......
+ #...? ..# *...... *
,,...# #..# *#..... *+
***#..# #.. #...... *
###.)# #.. ..##### *
#..#..)o#####)# #.###
* , ..O....@...##.#
#... # , *
..PPPP$.##.##.#
##)##.# ,
PcP..##....###...#.##
P_PP.###.#......_.....


PP... #.####.#...###. , PPP. #.# #.##.## #. *,##.. *#.# *#....# #. , #.#, ...
####.####. , #.# #...... You could see an ogre, a centaur and an orc wizard.

Vanquished Creatures
  An ogre (D:4)
  2 necrophages (D:5)
  Jessica (D:2)
  An orc wizard (D:5)
  Terence (D:3)
  5 gnolls
  6 adders
  2 worms
  2 dart slugs
  5 orcs
  11 ball pythons
  2 bats
  4 endoplasms
  A giant cockroach (D:4)
  2 goblins
  3 hobgoblins
  2 quokkas (D:1)
  6 kobolds
  5 rats
  A spectral goblin (D:1)
63 creatures vanquished.

Vanquished Creatures (others)
  133 foxfires
133 creatures vanquished.

Grand Total: 196 creatures vanquished

Notes
Turn   | Place    | Note
-------+----------+-------------------------------------------
     0 | D:1      | hawla the Meteoran Fire Elementalist began the quest for
                  | the Orb.
     0 | D:1      | Reached XP level 1. HP: 14/14 MP: 5/5
    47 | D:1      | Reached XP level 2. HP: 11/20 MP: 1/6
   154 | D:1      | Reached skill level 4 in Fire Magic
   180 | D:1      | Learned a level 2 spell: Scorch
   421 | D:1      | Found a faded altar of an unknown god.
   496 | D:1      | Glimpsed the power of Zot.
   545 | D:1      | Glimpsed the power of Zot.
   588 | D:2      | Reached XP level 3. HP: 26/26 MP: 2/8
   781 | D:2      | Noticed Jessica
   784 | D:2      | Killed Jessica
   785 | D:2      | Reached XP level 4. HP: 33/33 MP: 8/10
   790 | D:2      | Learned a level 4 spell: Flame Wave
   955 | D:2      | Reached skill level 5 in Fire Magic
  1096 | D:2      | Glimpsed the power of Zot.
  1157 | D:3      | Noticed Terence
  1163 | D:3      | Killed Terence
  1164 | D:3      | Reached XP level 5. HP: 13/38 MP: 1/11
  1774 | D:4      | Noticed an ogre
  1777 | D:4      | Killed an ogre
  1778 | D:4      | Reached skill level 6 in Fire Magic
  1778 | D:4      | Reached XP level 6. HP: 45/45 MP: 7/12
  1943 | D:5      | Entered Level 5 of the Dungeon
  1956 | D:5      | Reached skill level 7 in Fire Magic
  1956 | D:5      | Reached XP level 7. HP: 19/50 MP: 1/13
  2042 | D:5      | Found an iron altar of Okawaru.
  2077 | D:5      | Found a blossoming altar of Fedhas.
  2085 | D:5      | Shot with an arrow by a centaur

Illustrated notes

Levels and vault maps discovered:
D:1:      beargit_arrival_greenhouse, layout_basic,
          dreamdust_ecumenical_altar_drowned_temple, eino_curves_03,
          serial_park_tiny_pond, dreamdust_wishing_well,
          corexii_item_surrounded_by_moat
D:2:      layout_basic, uniq_jessica
D:3:      layout_loops_cross, hangedman_decor_points, uniq_terence
D:4:      layout_basic
D:5:      layout_loops_ring, fedhas_bush_and_centaur_altar,
          nicolae_overflow_crystal_walls, grunt_dithmenos_smoke_and_mirrors,
          mainiacjoe_overflow_big_doors

Skill      XL: |  1  2  3  4  5  6 |
---------------+-------------------+-----
Fire Magic     | 4 5 6 7 |  7.6
Spellcasting   | 3 |  3.3
Conjurations   | 2 3 4 |  4.4
Fighting       | |  0.1
Dodging        | |  2.8
Stealth        | |  1.4

Action                   |  1- 3 |  4- 6 |  7- 9 || total
-------------------------+-------+-------+-------++-------
Melee: Unarmed           |    11 |    25 |       ||    36
 Cast: Foxfire           |    28 |    46 |     4 ||    78
       Scorch            |     1 |    19 |     1 ||    21
       Flame Wave        |       |     1 |     3 ||     4
  Use: Scroll            |       |    10 |       ||    10
       Potion            |       |     2 |       ||     2
Armor: Robe              |     6 |     7 |     1 ||    14
       Skin              |       |     6 |       ||     6
Dodge: Dodged            |     9 |    20 |     3 ||    32
Block: Other             |       |     9 |     2 ||    11
       Reflection        |       |       |     1 ||     1
